 Dungeon Crawl Stone Soup version 0.31-a0-229-g1fc7ce93e2 (webtiles) character file.

Game seed: 5816525918931047392

63 qw the Shooter (level 4, -1/26 HPs)
             Began as a Gargoyle Hexslinger on July 6, 2023.
             Slain by a gnoll
             ... wielding a +0 flail
              (3 damage)
             ... on level 3 of the Dungeon.
             The game lasted 00:00:40 (1116 turns).

qw the Shooter (Gargoyle Hexslinger)                Turns: 1116, Time: 00:00:41

Health: -1/26      AC:  8    Str: 11    XL:     4   Next: 10%
Magic:  5/5        EV: 12    Int: 14    God:
Gold:   133        SH:  5    Dex: 14    Spells: 4/5 levels left

rFire   . . .        Y - +1 sling
rCold   . . .        (no shield)
rNeg    + . .        c - +0 robe
rPois   inf          a - +0 helmet
rElec   +            f - +0 cloak
rCorr   +            k - +0 pair of gloves
SInv    .            (no boots)
Will    .....        d - amulet of reflection
Stlth   +            g - ring of resist corrosion
HPRegen 0.24/turn    (no ring)
MPRegen 0.09/turn

%: reflection
@: no status effects
A: sickness immunity, AC +3, negative energy resistance 1, electricity
resistance, torment resistance 1, petrification resistance
a: no special abilities


You were on level 3 of the Dungeon.
You visited 1 branch of the dungeon, and saw 3 of its levels.

You collected 133 gold pieces.


Innate Abilities, Weirdness & Mutations

You are immune to sickness and miasma.
Your stone body is resilient. (AC +3)
You are immune to poison.
You resist negative energy. (rN+)
You are resistant to electric shocks. (rElec)
You are resistant to unholy torment.
You are immune to petrification.


   Skills:
 - Level 2.0 Fighting
 + Level 3.9 Ranged Weapons
 - Level 1.5 Dodging
 - Level 1.0 Spellcasting
 - Level 2.6 Hexes


You had 4 spell levels left.
You knew the following spells:

 Your Spells              Type           Power      Damage    Failure   Level
a - Slow                  Hex            32%        N/A       9%          1

Your spell library contained the following spells:

 Spells                   Type           Power      Damage    Failure   Level
 Inner Flame              Hex/Fire       4%         N/A       41%         3
 Portal Projectile        Hex/Tloc       8%         N/A       41%         3
 Cause Fear               Hex            4%         N/A       65%         4

Inventory:

Hand Weapons
 Y - a +1 sling (weapon)
Armour
 a - a +0 helmet (worn)
 c - a +0 robe (worn)
 f - a +0 cloak (worn)
 k - a +0 pair of gloves (worn)
Jewellery
 d - an amulet of reflection (around neck)
 g - a ring of resist corrosion (left hand)
Scrolls
 b - a scroll of identify
Potions
 h - a potion of might
 j - a potion of resistance {unknown}
 l - a potion of heal wounds {unknown}

Dungeon Overview and Level Annotations

Branches:
Dungeon (3/15)

Altars:

Annotations:
D:3 Jessica


Message History

You shoot a sling bullet.
The sling bullet hits the gnoll but does no damage.
The gnoll is severely wounded.
The gnoll barely misses you.
You shoot a sling bullet.
The sling bullet closely misses the gnoll.
The sling bullet closely misses Jessica.
The gnoll hits you with a +0 flail.
You shoot a sling bullet. The sling bullet hits the gnoll.
The gnoll is almost dead.
You block the gnoll's attack. The gnoll hits you with a +0 flail.
You block the gnoll's attack.
The gnoll hits you from afar with a +0 spear.
You shoot a sling bullet.
The sling bullet barely misses the gnoll.
The gnoll hits you from afar with a +0 spear.
The gnoll closely misses you.
Jessica grins evilly.
Jessica barely misses you.
You shoot a sling bullet.
The sling bullet closely misses the gnoll.
You block the gnoll's attack. The gnoll closely misses you.
The gnoll barely misses you. Jessica closely misses you.
You shoot a sling bullet.
The sling bullet barely misses the gnoll.
You block the gnoll's attack. The gnoll barely misses you. x2
Jessica gestures wildly while chanting.
Jessica blinks!
You shoot a sling bullet.
The sling bullet barely misses the gnoll.
The sling bullet hits Jessica.
Jessica is moderately wounded.
The gnoll closely misses you. The gnoll hits you but does no damage.
The gnoll hits you from afar with a +0 spear.
You shoot a sling bullet.
The sling bullet barely misses the gnoll.
The sling bullet hits Jessica.
Jessica is severely wounded.
You block the gnoll's attack. x2; The gnoll hits you with a +0 flail.
You die...

#........##....#......#.....#.
#........##....#....^.#.....#.
#........##....#......#.......
#.....................#....##.
########......<.......#....# .
#..............###### #
#####..............#
#.......g....#......
#......#g.@.......
#......#..g..#....
#......#.....# ...
#.....g#..@..# #......#.....#
#....@.#.....# #.....g#.....#
.......


You could see 3 gnolls and Jessica.

Vanquished Creatures
  An adder (D:3)
  2 worms (D:2)
  6 ball pythons
  2 bats
  6 endoplasms
  4 giant cockroaches
  5 goblins
  3 hobgoblins
  3 jackals (D:1)
  2 frilled lizards (D:1)
  6 kobolds
  3 rats (D:1)
43 creatures vanquished.

Notes
Turn   | Place    | Note
-------+----------+-------------------------------------------
     0 | D:1      | qw the Gargoyle Hexslinger began the quest for the Orb.
     0 | D:1      | Reached XP level 1. HP: 12/12 MP: 2/2
     0 | D:1      | 0 ||| qw: Version: 0.3-a-46-gb1f654a
     0 | D:1      | 0 ||| qw: Game counter: 1444
     0 | D:1      | 0 ||| qw: Melee chars always use a shield: true
     0 | D:1      | 0 ||| qw: God list: Okawaru
     0 | D:1      | 0 ||| qw: Allow faded altars: false
     0 | D:1      | 0 ||| qw: Do Orc after clearing Dungeon:15 true
     0 | D:1      | 0 ||| qw: Do second Lair branch before Depths: true
     0 | D:1      | 0 ||| qw: Lair rune preference: random
     0 | D:1      | 0 ||| qw: Goals: Normal
     0 | D:1      | 0 ||| PLANNING D:1-11
   164 | D:1      | Reached XP level 2. HP: 16/16 MP: 3/3
   229 | D:1      | Reached skill level 3 in Ranged Weapons
   286 | D:1      | Found a faded altar of an unknown god.
   365 | D:1      | Reached XP level 3. HP: 21/21 MP: 4/4
   575 | D:1      | 575 ||| UPGRADING to +0 cloak.
   580 | D:1      | 580 ||| UPGRADING to ring of resist corrosion.
   581 | D:1      | 581 ||| READING scroll labelled GUCLUPLO PANLA.
   582 | D:1      | 582 ||| DROPPING scroll of poison.
  1009 | D:2      | 1009 ||| UPGRADING to +0 helmet.
  1014 | D:2      | 1014 ||| UPGRADING to +0 pair of gloves.
  1019 | D:2      | 1019 ||| UPGRADING to amulet of reflection.
  1024 | D:2      | 1024 ||| READING scroll labelled WEROAR ZINUF.
  1025 | D:2      | 1025 ||| READING 3 scrolls of identify.
  1025 | D:2      | 1025 ||| IDENTIFYING lumpy sapphire potion
  1026 | D:2      | 1026 ||| READING 2 scrolls of identify.
  1026 | D:2      | 1026 ||| IDENTIFYING grey potion
  1027 | D:2      | 1027 ||| DROPPING potion of degeneration.
  1094 | D:3      | Noticed Jessica
  1096 | D:3      | 1096 ||| Stepping ~*~*~tactically~*~*~ (outnumbered).
  1108 | D:3      | Reached XP level 4. HP: 12/26 MP: 5/5
  1110 | D:3      | HP: 5/26 [gnoll/+0 flail (2)]
  1112 | D:3      | HP: 2/26 [gnoll/+0 spear (2)]
  1116 | D:3      | Slain by a gnoll

Levels and vault maps discovered:
D:1:      matt_arrival_los_fun, layout_rooms, hellmonk_ecumenical_altar_zigzags
D:2:      layout_rooms
D:3:      layout_basic, ashenzari_conservatory_becter, uniq_jessica

Skill      XL: |  1  2  3 |
---------------+----------+-----
Ranged Weapons | 3 |  3.9
Fighting       | 2 |  2.0
Dodging        | |  1.5
Spellcasting   | |  1.0
Hexes          | |  2.6

Action                     |  1- 3 |  4- 6 || total
---------------------------+-------+-------++-------
   Fire: Sling             |   167 |     9 ||   176
    Use: Scroll            |     4 |       ||     4
 Armour: Robe              |    19 |     1 ||    20
  Dodge: Dodged            |    58 |     9 ||    67
  Block: Other             |     4 |     6 ||    10

Table legend:
 A = Non-vault XP
 B = Vault XP
 C = Vault XP percentage of total XP
 D = Non-vault monster count
 E = Vault monster count
 F = Vault count percentage of total count
                 A         B        C        D         E       F
            +---------+---------+-------+---------+---------+-------
      Total |      91 |       0 |   0.0 |      43 |       0 |   0.0
            +---------+---------+-------+---------+---------+-------
        D:1 |      39 |       0 |   0.0 |      23 |       0 |   0.0
        D:2 |      35 |       0 |   0.0 |      17 |       0 |   0.0
        D:3 |      17 |       0 |   0.0 |       3 |       0 |   0.0
            +---------+---------+-------+---------+---------+-------
